 Dungeon Crawl Stone Soup version 0.25.0-3-gd7cc5688da (webtiles) character file.

Game seed: 9691554743643476571

178 grindst0ne the Ruffian (level 5, 0/46 (47) HPs)
             Began as a Ghoul Monk on June 15, 2020.
             Slain by a hound (3 damage)
             ... on level 4 of the Dungeon.
             The game lasted 00:03:39 (2553 turns).

grindst0ne the Ruffian (Ghoul Monk)                 Turns: 2553, Time: 00:03:39

HP:   0/46 (47)     AC: 10    Str: 16      XL:     5   Next: 58%
MP:   4/4           EV:  7    Int:  3 (5)  God:
Gold: 164           SH:  0    Dex: 11      Spells: 4/4 levels left

rFire    . . .     SeeInvis .     - Unarmed
rCold    + . .     Gourm    .   (no shield)
rNeg     + + +     Faith    .   n - +0 chain mail
rPois    ∞         Spirit   .   k - +1 helmet
rElec    .         Reflect  .   (no cloak)
rCorr    .         Harm     .   (no gloves)
MR       .....                  (no boots)
Stlth    ..........             r - amulet of regeneration
HPRegen  0.00/turn              i - ring of wizardry
MPRegen  0.09/turn              (no ring)

@: rotting
A: rotting body, claws 1, carnivore, cold resistance 1, negative energy
resistance 3, inhibited regeneration, torment resistance, unbreathing
a: no special abilities


You were on level 4 of the Dungeon.
You were not hungry.

You visited 1 branch of the dungeon, and saw 4 of its levels.

You collected 164 gold pieces.

Inventory:

Missiles
 j - 15 poisoned darts (quivered)
 o - 5 boomerangs
Armour
 g - a +0 ring mail
 k - a +1 helmet (worn)
 n - a +0 chain mail (worn)
 v - a +0 plate armour
Jewellery
 i - a ring of wizardry (left claw)
 r - an amulet of regeneration (around neck)
Scrolls
 a - 2 scrolls of amnesia {unknown}
 d - 2 scrolls of enchant weapon {unknown}
 e - 3 scrolls of teleportation {unknown}
 q - a scroll of remove curse {unknown}
 s - 2 scrolls of identify {unknown}
 t - a scroll of blinking {unknown}
Potions
 c - a potion of might {unknown}
 f - a potion of flight {unknown}
 h - a potion of lignification {unknown}
 l - 2 potions of mutation
 m - a potion of stabbing {unknown}
 p - a potion of cancellation {unknown}
Comestibles
 b - 5 rations
 u - 5 chunks of flesh


   Skills:
 + Level 4.7 Fighting
 + Level 2.4 Armour
 - Level 2.6 Dodging
 - Level 2.1 Stealth
 + Level 4.7 Unarmed Combat


You had 4 spell levels left.
You didn't know any spells.
Your spell library was empty.

Dungeon Overview and Level Annotations

Branches:
Dungeon (4/15)
 Temple: D:4-7

Altars:

Shops:
D:4 =

Annotations:
D:3 1 runed translucent door, Esekla's ghost, weakling BaWz


Innate Abilities, Weirdness & Mutations

Your body is rotting away.
You thrive on raw meat.
You are immune to poison.
You have sharp fingernails.
You are carnivorous and can eat meat at any time.
Your flesh is cold resistant. (rC+)
You are immune to negative energy. (rN+++)
You do not regenerate when monsters are visible.
You are immune to unholy pain and torment.
You can survive without breathing.


Message History

The gnoll hits you from afar with a +0 halberd!
* * * LOW HITPOINT WARNING * * *
A hound comes into view.
Found a fuming sapphire potion.
Found a scroll labeled FASER MUFE.
Okay, then.
The hound barely misses you. The hound barely misses you.
The hound stops to sniff the ground.
The hound bites you but does no damage. The hound barely misses you.
The hound bites you.
* * * LOW HITPOINT WARNING * * *
It was a potion of mutation.
You feel extremely strange.
Your body decomposes!
You feel dopey.
Your body decomposes!
You feel dopey. The hound bites you.
You die...

..............##.........###'###.
####.........##....#....#.......
#..........##....#....#....... ##
#...###....##....##.###.......
...#...# #....##....##...........
.......#########.....#...........
.....................#...........
............g....#...#...........
...!.......g..gh@................
........?.##.....................
..........##.....................
...#......##......######.........
...#....^.###.............. ..
#......# #.............. ####...#
#..............
.....................
........?........


You could see a hound and 3 gnolls.

Vanquished Creatures
  5 gnolls (D:4)
  A howler monkey skeleton (D:4)
  6 adders
  A dart slug (D:3)
  2 leopard geckos (D:2)
  An orc (D:4)
  A ball python (D:1)
  6 giant cockroaches
  6 goblins
  10 hobgoblins
  8 kobolds
  A quokka (D:3)
  7 bats
  4 frilled lizards
  A leopard gecko skeleton (D:4)
  3 rats
63 creatures vanquished.

Notes
Turn   | Place    | Note
-------+----------+-------------------------------------------
     0 | D:1      | grindst0ne the Ghoul Monk began the quest for the Orb.
     0 | D:1      | Reached XP level 1. HP: 19/19 MP: 0/0
   215 | D:1      | Reached XP level 2. HP: 26/26 MP: 1/1
   480 | D:1      | Reached skill level 1 in Armour
   666 | D:2      | Reached XP level 3. HP: 31/32 MP: 2/2
   966 | D:2      | Reached XP level 4. HP: 40/40 MP: 3/3
  1825 | D:3      | Found a runed translucent door.
  1839 | D:3      | Noticed a bullfrog
  1840 | D:3      | Noticed Esekla's ghost (weakling BaWz)
  2278 | D:4      | Found Woyjalih's Jewellery Emporium.
  2312 | D:4      | Reached XP level 5. HP: 47/47 MP: 4/4
  2553 | D:4      | Slain by a hound

Illustrated notes

Levels and vault maps discovered:
D:1:      roderic_crossed_star, layout_rooms
D:2:      layout_basic, chequers_jeans, minmay_cupped
D:3:      layout_loops_ring, ebering_ghost_sewer_d, mrwooster_statue_mirror,
          serial_bayou_pond_e
D:4:      layout_basic, serial_shops, kennysheep_little_box

Skill      XL: |  1  2  3  4 |
---------------+-------------+-----
Armour         | 1 2 |  2.4
Fighting       | 4 |  4.7
Unarmed Combat | 4 |  4.7
Dodging        | |  2.6
Stealth        | |  2.1

Action                   |  1- 3 |  4- 6 || total
-------------------------+-------+-------++-------
Melee: Unarmed           |    81 |   133 ||   214
Throw: Dart              |       |     5 ||     5
  Use: Potion            |       |     1 ||     1
 Stab: Sleeping          |     1 |       ||     1
  Eat: Chunk             |     6 |     7 ||    13
Armor: Robe              |    18 |       ||    18
       Ring mail         |    14 |     2 ||    16
       Chain mail        |       |    81 ||    81
Dodge: Dodged            |    70 |    61 ||   131
